 Dungeon Crawl Stone Soup version 0.21-a0-137-g951aa02 (webtiles) character file.

53 grindst0ne the Skirmisher (level 3, -10/34 HPs)
             Began as a Ghoul Gladiator on July 18, 2017.
             Was an Initiate of Cheibriados.
             Engulfed by a cloud of flame (32 damage)
             ... on level 3 of the Dungeon.
             The game lasted 00:02:59 (1120 turns).

grindst0ne the Skirmisher (Ghoul Gladiator)         Turns: 1120, Time: 00:02:59

Health: -10/34     AC:  9    Str: 18    XL:     3   Next: 87%
Magic:  2/2        EV:  8    Int:  4    God:    Cheibriados [......]
Gold:   171        SH:  0    Dex: 12    Spells: 2/2 levels left

rFire    . . .     SeeInvis .   a - +0 war axe
rCold    + . .     Gourm    .   (no shield)
rNeg     + + +     Faith    .   i - +0 chain mail
rPois    ∞         Spirit   .   c - +0 helmet
rElec    .         Reflect  .   (no cloak)
rCorr    .         Harm     .   (no gloves)
MR       .....                  (no boots)
Stlth    ..........             (no amulet)
HPRegen  0.11/turn              (no ring)
MPRegen  0.08/turn              (no ring)

@: rotting, very slow
A: rotting body, claws 1, carnivore 3, cold resistance 1, negative energy
resistance 3, inhibited regeneration, torment resistance, unbreathing
a: Bend Time, Renounce Religion


You were on level 3 of the Dungeon.
You worshipped Cheibriados.
Cheibriados was noncommittal.
You were not hungry.

You visited 1 branch of the dungeon, and saw 3 of its levels.

You collected 171 gold pieces.

Inventory:

Hand Weapons
 a - a +0 war axe (weapon)
Missiles
 d - 3 throwing nets (quivered)
Armour
 b - a +0 leather armour
 c - a +0 helmet (worn)
 i - a +0 chain mail (worn)
 l - a +0 shield
Scrolls
 e - 3 scrolls of immolation {unknown}
 h - a scroll of noise {unknown}
 k - 2 scrolls of enchant weapon {unknown}
 o - 2 scrolls of teleportation {unknown}
 p - 2 scrolls of identify {unknown}
 r - a scroll of fear {unknown}
 s - a scroll of remove curse {unknown}
Potions
 j - a potion of degeneration {unknown}
 m - a potion of might {unknown}
 n - a potion of cancellation {unknown}
 q - a potion of lignification {unknown}
Comestibles
 f - 2 meat rations
 g - a chunk of flesh


   Skills:
 + Level 4.4 Fighting
 - Level 2.6 Axes
 - Level 1.7 Throwing
 - Level 2.6 Dodging


You had 2 spell levels left.
You didn't know any spells.

Dungeon Overview and Level Annotations

Branches:
Dungeon (3/15)

Altars:
Cheibriados
Vehumet


Innate Abilities, Weirdness & Mutations

Your body is rotting away.
You thrive on raw meat.
You are immune to poison.
You have sharp fingernails.
You are carnivorous and can eat meat at any time.
Your flesh is cold resistant. (rC+)
You are immune to negative energy. (rN+++)
You do not regenerate when monsters are visible.
You are immune to unholy pain and torment.
You can survive without breathing.


Message History

Found a radiant altar of Vehumet.
The goblin hits you but does no damage.
You slash the goblin!
You kill the goblin!
Cheibriados appreciates the change of pace.
You open the door.
Found a scroll labeled LIETSULURA.
There is an open door here.
Found a stone staircase leading up.
There is an open door here.
Really walk into a travel-excluded area?
Found a leather armour.
Found 3 scrolls labeled HUQOMM FONGU.
Really walk into that cloud of flame?
You are engulfed in blazing flames.
You see here a scroll labeled LIETSULURA.
s - a scroll labeled LIETSULURA You are engulfed in blazing flames.
Ouch! That really hurt!
You die...

#.......#
#.......#
#.......#
####'#######
#..^.§.§#### ####
#...§.§..[.. ...#
#.#.._.§..?. ##.#
#.#.§.§.....
##.#######
#.#@.§......
##.......#
#.##........
##.......#
##'###.......
.........#
#....########
#############....#
.................#
##################
...# ##.#


There were no monsters in sight!

Vanquished Creatures
  An adder (D:2)
  An ooze (D:1)
  A worm (D:2)
  4 bats
  A giant cockroach (D:2)
  4 goblins
  5 hobgoblins (D:1)
  8 kobolds
  2 ball pythons
  4 frilled lizards
  6 rats
37 creatures vanquished.

Vanquished Creatures (others)
  Jessica (D:3)
1 creature vanquished.

Grand Total: 38 creatures vanquished

Notes
Turn   | Place    | Note
-------+----------+-------------------------------------------
     0 | D:1      | grindst0ne the Ghoul Gladiator began the quest for the Orb.
     0 | D:1      | Reached XP level 1. HP: 17/17 MP: 0/0
    72 | D:1      | Reached XP level 2. HP: 24/25 MP: 1/1
    81 | D:1      | Reached skill level 3 in Fighting
   380 | D:2      | Reached XP level 3. HP: 32/33 MP: 2/2
   400 | D:2      | Found a snail-covered altar of Cheibriados.
   461 | D:2      | Became a worshipper of Cheibriados the Contemplative
   570 | D:2      | Reached skill level 4 in Fighting
  1018 | D:3      | Killed Jessica
  1094 | D:3      | Found a radiant altar of Vehumet.
  1120 | D:3      | Engulfed by a cloud of flame

Vault maps used:
D:1:      dpeg_arrival_rooms_b, minmay_tiny_reverse_x
D:2:      minmay_misc_feat_room, lemuel_tele_altar
D:3:      corexii_shack_village, fiery_altar_vehumet, marbit_many_paths,
          uniq_jessica

Skill      XL: |  1  2  3 |
---------------+----------+-----
Fighting       | 3 4 |  4.4
Axes           | |  2.6
Throwing       | |  1.7
Dodging        | |  2.6

Action                   || total
-------------------------++-------
Melee: War axe           ||   121
  Eat: Chunk             ||     3
Armor: Chain mail        ||    86
       Leather armour    ||     4
Dodge: Dodged            ||    72
